 Dungeon Crawl Stone Soup version 0.25-a0-253-g6f1b5d974a (webtiles) character file.

Game seed: 13283810078399525329, levelgen mode: deterministic

4577 RedPan the Cleaver (level 10, -9/91 HPs)
             Began as a Hill Orc Monk on Dec 5, 2019.
             Mangled by Harold
             ... wielding a +0 dire flail
              (19 damage)
             ... on level 9 of the Dungeon.
             The game lasted 00:17:51 (9951 turns).

RedPan the Cleaver (Hill Orc Monk)                  Turns: 9951, Time: 00:17:51

Health: -9/91      AC: 15    Str: 18    XL:     10   Next: 41%
Magic:  10/10      EV: 10    Int: 10    God:
Gold:   248        SH: 20    Dex: 26    Spells: 9/9 levels left

rFire    + . .     SeeInvis .   s - +0 war axe
rCold    x . .     Gourm    .   y - +10 shield of Morality {+Blink Dex+8}
rNeg     . . .     Faith    .   p - +1 plate armour
rPois    .         Spirit   .   (no helmet)
rElec    .         Reflect  .   (no cloak)
rCorr    .         Harm     .   g - +0 pair of gloves
MR       .....                  (no boots)
Stlth    ..........             t - amulet of rage
HPRegen  0.25/turn              j - ring of stealth
MPRegen  0.12/turn              x - ring of fire

@: agile, lightly drained
A: no striking features
a: Evoke Blink, Evoke Berserk Rage


You were on level 9 of the Dungeon.
You were not hungry.

You visited 1 branch of the dungeon, and saw 9 of its levels.

You collected 436 gold pieces.
You spent 188 gold pieces at shops.

Inventory:

Hand Weapons
 s - a +0 war axe (weapon)
Armour
 g - a +0 pair of gloves (worn)
 o - a +0 shield
 p - a +1 plate armour (worn)
 w - the +1 ring mail of the Moon Troll {rF+ Str+4}
   (You found it on level 5 of the Dungeon)

   It affects your strength (+4).
   It protects you from fire.
 y - the +10 shield of Morality (worn) {+Blink Dex+8}
   (You found it on level 7 of the Dungeon)

   It affects your dexterity (+8).
   It lets you blink.
Jewellery
 j - a ring of stealth (left hand)
 t - an amulet of rage (around neck)
 x - a ring of fire (right hand)
Wands
 e - a wand of random effects (18)
 f - a wand of flame (31)
 m - a wand of enslavement (10)
Scrolls
 a - 4 scrolls of teleportation
 b - 3 scrolls of enchant armour
 d - 4 scrolls of amnesia
 h - a scroll of blinking
 q - a scroll of noise {unknown}
 u - 2 scrolls of magic mapping
 C - a scroll of fear
 D - 2 scrolls of identify
Potions
 i - a potion of magic
 k - a potion of brilliance
 n - 2 potions of mutation
 r - a potion of lignification {unknown}
 v - a potion of resistance
 A - 2 potions of cancellation
 B - 2 potions of curing
 F - a potion of invisibility {unknown}
Comestibles
 c - 20 rations
 l - 8 chunks of flesh


   Skills:
 - Level 9.0(8.6) Fighting
 * Level 13.7(13.3) Axes
 + Level 7.7(7.3) Armour
 - Level 3.0(2.7) Dodging
 - Level 1.5(1.2) Stealth
 + Level 3.1(2.8) Shields


You had 9 spell levels left.
You didn't know any spells.
Your spell library contained the following spells:

 Spells                   Type           Power        Failure   Level  Hunger
 Shock                    Conj/Air       #...         100%        1    ##.....
 Swiftness                Chrm/Air       #.......     100%        2    ###....
 Static Discharge         Conj/Air       #.......     100%        3    ####...
 Airstrike                Air            #.........   100%        4    #####..
 Lightning Bolt           Conj/Air       #.........   100%        5    ######.


Dungeon Overview and Level Annotations

Branches:
Dungeon (9/15)             Temple (0/1) D:6
   Lair: D:8-11         Orc: D:9-12

Altars:
Fedhas
Hepliaklqana
Makhleb
Nemelex Xobeh
Okawaru
Qazlal
Ru
Sif Muna
Uskayaw
Wu Jian
Yredelemnul

Shops:
D:4 *   D:6 :   D:7 ?

Annotations:
D:8 Maurice
D:9 Harold


Message History

The warg is almost dead.
You hit Harold. You block Harold's attack. You block the warg's attack.
You completely miss the warg.
The warg is almost dead.
You hit Harold. The warg bites you but does no damage.
Harold barely misses you.
You hit the warg but do no damage.
The warg is almost dead.
Your plate armour prevents you from hitting Harold.
You block the warg's attack.
You hit the warg but do no damage.
The warg is almost dead.
You hit Harold. Harold hits you with a +0 dire flail!
* * * LOW HITPOINT WARNING * * *
The warg barely misses you.
You miss the warg.
The warg is almost dead.
You hit Harold but do no damage. You block the warg's attack.
Harold hits you with a +0 dire flail!!
You die...

... ######...
#.......######### .
#............... ..
#.............# ...
#.............# ....
#............)###.....
#.............)@......
#.......###..)@h......
#.......# #...........
#.......###...........
#...........#########.
###.######### #......#
##.##.#.# #.....#.#
##.)...#.#


You could see Harold and a warg.

Vanquished Creatures
  Joseph (D:8)
  Prince Ribbit (D:5)
  A spriggan (D:7)
  Eustachio (D:5)
  2 hungry ghosts
  An ice beast (D:5)
  3 orc warriors
  3 sky beasts
  2 black bears
  8 ogres
  2 phantoms
  3 centaurs
  3 bullfrogs
  Blork the orc (D:5)
  3 scorpions
  4 wights (D:3)
  5 howler monkeys
  A crimson imp (D:5)
  3 jellies
  3 orc priests
  Ijyb (D:5)
  3 hounds
  2 orc wizards
  A bullfrog skeleton (D:8)
  7 worker ants
  A hound skeleton (D:6)
  A mummy (D:7)
  A gnoll (D:1)
  12 adders
  3 adder skeletons
  An adder zombie (D:5)
  2 worms
  A dart slug (D:1)
  5 leopard geckos
  21 orcs
  6 bats
  9 giant cockroaches
  5 goblins
  5 hobgoblins
  12 jackals
  6 kobolds
  2 quokkas
  A ball python (D:3)
  7 frilled lizards
  A jackal skeleton (D:5)
  A kobold zombie (D:7)
  A leopard gecko skeleton (D:4)
  3 orc zombies (D:7)
  2 quokka skeletons
  6 rats
  A spectral orc (D:2)
181 creatures vanquished.

Notes
Turn   | Place    | Note
-------+----------+-------------------------------------------
     0 | D:1      | RedPan the Hill Orc Monk began the quest for the Orb.
     0 | D:1      | Reached XP level 1. HP: 19/19 MP: 1/1
   230 | D:1      | Reached XP level 2. HP: 20/27 MP: 2/2
   606 | D:1      | Reached XP level 3. HP: 30/33 MP: 3/3
  1138 | D:2      | Found a sparkling altar of Nemelex Xobeh.
  1172 | D:2      | Reached skill level 5 in Axes
  1497 | D:2      | Found a shimmering blue altar of Sif Muna.
  1548 | D:2      | Found a hide-covered altar of Uskayaw.
  1549 | D:2      | Noticed a scorpion
  1564 | D:2      | Killed a scorpion
  1564 | D:2      | Reached XP level 4. HP: 16/41 MP: 4/4
  1940 | D:2      | Reached XP level 5. HP: 28/47 MP: 5/5
  2311 | D:2      | Found a basalt altar of Yredelemnul.
  2543 | D:3      | Reached skill level 6 in Axes
  2885 | D:3      | Reached skill level 1 in Armour
  2888 | D:3      | Reached skill level 5 in Fighting
  2888 | D:3      | Reached XP level 6. HP: 56/56 MP: 6/6
  3237 | D:3      | Found an ornate altar of the Wu Jian Council.
  3325 | D:3      | Found a sacrificial altar of Ru.
  3416 | D:3      | Reached skill level 7 in Axes
  3960 | D:4      | Found Ojidwoor's General Store.
  4010 | D:4      | Bought a scroll of teleportation for 30 gold pieces
  4010 | D:4      | Bought a scroll of identify for 20 gold pieces
  4040 | D:4      | Reached XP level 7. HP: 61/61 MP: 7/7
  4043 | D:4      | Found a sparkling altar of Nemelex Xobeh.
  4189 | D:4      | Reached skill level 8 in Axes
  4414 | D:4      | Found a stormy altar of Qazlal.
  4721 | D:5      | Entered Level 5 of the Dungeon
  4830 | D:5      | Noticed Ijyb
  4836 | D:5      | Killed Ijyb
  4840 | D:5      | Reached skill level 9 in Axes
  4844 | D:5      | Noticed Blork the orc
  4854 | D:5      | Killed Blork the orc
  4854 | D:5      | Reached XP level 8. HP: 17/71 MP: 8/8
  5506 | D:5      | Got an opal-studded ring mail
  5524 | D:5      | Identified the +1 ring mail of the Moon Troll {rF+ Str+4}
                  | (You found it on level 5 of the Dungeon)
  5647 | D:5      | Reached skill level 10 in Axes
  5806 | D:5      | Found a hazy altar of Hepliaklqana.
  5903 | D:5      | Reached skill level 5 in Armour
  5984 | D:5      | Noticed Eustachio
  5984 | D:5      | Noticed Prince Ribbit
  6062 | D:5      | Killed Eustachio
  6131 | D:5      | Killed Prince Ribbit
  6131 | D:5      | Reached skill level 11 in Axes
  6131 | D:5      | Reached XP level 9. HP: 36/80 MP: 9/9
  6338 | D:5      | Found a blossoming altar of Fedhas.
  6341 | D:5      | Found an iron altar of Okawaru.
  6344 | D:5      | Found a burning altar of Makhleb.
  7318 | D:6      | Found Kykkiles's Book Emporium.
  7326 | D:6      | Found a staircase to the Ecumenical Temple.
  7774 | D:6      | Reached skill level 12 in Axes
  8560 | D:7      | Got a slimy shield
  8566 | D:7      | Identified the +10 shield of Morality {+Blink Dex+8} (You
                  | found it on level 7 of the Dungeon)
  8585 | D:7      | Found Jycosu's Magic Scroll Shoppe.
  8595 | D:7      | Bought a scroll of fear for 42 gold pieces
  8595 | D:7      | Bought a scroll of remove curse for 36 gold pieces
  8595 | D:7      | Bought a scroll of identify for 24 gold pieces
  8595 | D:7      | Bought a scroll of teleportation for 36 gold pieces
  8779 | D:7      | Reached skill level 1 in Shields
  8779 | D:7      | Reached XP level 10. HP: 90/91 MP: 10/10
  9022 | D:8      | Reached skill level 13 in Axes
  9458 | D:8      | Noticed Joseph
  9485 | D:8      | Killed Joseph
  9652 | D:8      | Noticed Maurice
  9933 | D:9      | Noticed Harold
  9951 | D:9      | Mangled by Harold

Levels and vault maps discovered:
D:1:      psy_arrival_radial01, layout_basic
D:2:      layout_basic, yredelemnul_forgotten_temple_becter,
          lemuel_blue_sif_altar, eat_drink_and_be_merry_uskayaw,
          nemelex_spade_bored_becter
D:3:      cheibrodos_helix_gallery, layout_loops_ring, hangedman_ru_absence,
          lemuel_round_altar
D:4:      wander_river, layout_rooms, nemelex_xobeh_ov_fountains_minmay,
          lemuel_coloured_pillars_altar, serial_shops, nicolae_shop_waterfront
D:5:      layout_basic, lemuel_round_altar, grunt_temple_overflow_diamond,
          first_ration, uniq_eustachio, uniq_blork_the_orc, uniq_prince_ribbit1,
          uniq_ijyb
D:6:      minmay_evil_eye, layout_basic, minmay_temple_entry_crystal_x,
          serial_shops, shop
D:7:      layout_basic, serial_shops, shop_fountains, the_bakery,
          minmay_mini_ossuary
D:8:      layout_cave_pods, uniq_maurice, uniq_joseph
D:9:      layout_basic, lemuel_crystal_altar, vehumet_statue,
          erik_lair_orcish_takeover, uniq_harold

Skill      XL: |  1  2  3  4  5  6  7  8  9 10 |
---------------+-------------------------------+-----
Fighting       | 4 5 6 7 9 |  9.0
Axes           | 5 6 7 9 11 12 13 | 13.7
Dodging        | 3 |  3.0
Armour         | 1 2 3 5 7 |  7.7
Shields        | 1 3 |  3.1
Stealth        | |  1.5

Action                   |  1- 3 |  4- 6 |  7- 9 | 10-12 || total
-------------------------+-------+-------+-------+-------++-------
Melee: Hand axe          |   134 |   166 |       |       ||   300
       War axe           |       |    51 |   481 |   138 ||   670
  Use: Scroll            |     3 |     8 |     7 |     1 ||    19
       Potion            |     1 |     4 |     3 |     2 ||    10
 Stab: Sleeping          |     4 |       |       |       ||     4
  Eat: Chunk             |     2 |     8 |    16 |     5 ||    31
       Ration            |       |       |     1 |       ||     1
Armor: Plate armour      |    41 |   131 |   262 |    35 ||   469
       Robe              |    17 |       |       |       ||    17
Dodge: Dodged            |    67 |    57 |   126 |     7 ||   257
Block: Shield            |       |       |    12 |    94 ||   106

Table legend:
 A = Non-vault XP
 B = Vault XP
 C = Vault XP percentage of total XP
 D = Non-vault monster count
 E = Vault monster count
 F = Vault count percentage of total count
                 A         B        C        D         E       F
            +---------+---------+-------+---------+---------+-------
      Total |    5254 |    1285 |  19.7 |     166 |      15 |   8.3
            +---------+---------+-------+---------+---------+-------
        D:1 |      45 |       0 |   0.0 |      20 |       0 |   0.0
        D:2 |     128 |       1 |   0.8 |      20 |       1 |   4.8
        D:3 |     423 |       4 |   0.9 |      29 |       2 |   6.5
        D:4 |     274 |       0 |   0.0 |      12 |       0 |   0.0
        D:5 |    1116 |     616 |  35.6 |      28 |       4 |  12.5
        D:6 |     983 |       3 |   0.3 |      19 |       1 |   5.0
        D:7 |     938 |     242 |  20.5 |      11 |       6 |  35.3
        D:8 |    1048 |     419 |  28.6 |      21 |       1 |   4.5
        D:9 |     299 |       0 |   0.0 |       6 |       0 |   0.0
            +---------+---------+-------+---------+---------+-------
